 Dungeon Sprint DCSS version 0.18-a0-1577-gf591c28 (webtiles) character file.

17570 pipel the Executioner (level 12, -3/129 HPs)
             Began as a Deep Dwarf Berserker on Mar 17, 2016.
             Was the Champion of Trog.
             Slain by a death cob (23 damage)
             ... in the Dungeon (Sprint VII: "The Pits") on Mar 19, 2016.
             The game lasted 00:17:29 (960 turns).

pipel the Executioner (Deep Dwarf Berserker)         Turns: 960, Time: 00:17:29

Health: -3/129     AC: 18    Str: 26    XL:     12   Next: 20%
Magic:  11/11      EV: 14    Int:  8    God:    Trog [******]
Gold:   17         SH:  0    Dex: 12    Spells: 0 memorised, 11 levels left

rFire  . . .     SeeInvis .     a - +5 battleaxe of the Original Sin {holy, rN+}
rCold  . . .     Gourm    .     B - +4 chain mail
rNeg   + . .     Faith    .     (shield currently unavailable)
rPois  .         Spirit   .     (no helmet)
rElec  .         Dismiss  .     (no cloak)
rCorr  .         Reflect  .     A - +0 pair of gloves
SustAt .         Harm     .     (no boots)
MR     +++..     NoTele   +     (no amulet)
Stlth  ..........               (no ring)
                                (no ring)

@: non-regenerating, slowed, very slow, extremely resistant to hostile
enchantments, extremely unstealthy
A: damage resistance, recharge devices, sense surroundings 2, slow regeneration
3
a: Device Recharging, Berserk, Trog's Hand, Brothers in Arms, Burn Spellbooks,
Renounce Religion


You were in the Dungeon.
You worshipped Trog.
Trog was exalted by your worship.
You were hungry.

You visited 1 branch You collected 17 gold pieces.

Inventory:

Hand Weapons
 a - the +5 battleaxe of the Original Sin (weapon) {holy, rN+}
   (Trog gifted it to you in the Dungeon)

   It has been blessed by the Shining One to cause great damage to the undead
   and demons.
   It protects you from negative energy.
 k - a +2 hand axe
 q - a +8 arbalest of flaming
 r - a +0 hand axe
 s - a +0 antimagic executioner's axe
 y - a +0 war axe
 D - a +1 antimagic battleaxe
 E - a +1 broad axe of chopping
 F - a +3 antimagic battleaxe
 G - a +4 broad axe of venom
 H - a +2 battleaxe of flaming
 J - a +9 blowgun
Missiles
 p - 40 stones (quivered)
Armour
 b - a +0 animal skin
 A - a +0 pair of gloves (worn)
 B - a +4 chain mail (worn)
 C - a +5 ring mail
Jewellery
 v - a +3 ring of evasion
 w - a +3 ring of intelligence
 K - an uncursed ring of protection from fire
 M - an uncursed ring of ice
 R - the amulet of Asieq {MR+ Regen+}
   (You found it in the Dungeon)

   [amulet of regeneration]

   It affects your resistance to hostile enchantments.
   It increases your rate of regeneration.
 V - an uncursed ring of ice
Wands
 c - a wand of heal wounds (1/9)
Scrolls
 j - a scroll of blinking
 n - 3 scrolls of remove curse
 o - a scroll of summoning
 I - a scroll of fear
 N - 4 scrolls of enchant armour
 O - 2 scrolls of fog
 Q - 6 scrolls of enchant weapon
Potions
 e - 2 potions of curing
 g - 2 potions of haste
 h - 4 potions of magic
 i - 4 potions of berserk rage
 m - a potion of invisibility
 t - a potion of resistance
 u - 9 potions of heal wounds
 x - a potion of agility
 z - 5 potions of might
 P - a potion of cure mutation
Books
 L - a book of Spatial Translocations

   Spells                             Type                      Level
   a - Apportation                    Translocation                1
   b - Blink                          Translocation                2
   c - Shroud of Golubria             Charms/Translocation         2
   d - Portal Projectile              Translocation                3
   e - Teleport Other                 Translocation                3
   f - Passage of Golubria            Translocation                4
   Trog disapproves of the use of such an item.
 S - the Papyrus of the Damaging Snowflakes
   (You found it in the Dungeon)

   Spells                             Type                      Level
   a - Freeze                         Ice                          1
   b - Throw Frost                    Conjuration/Ice              2
   c - Ensorcelled Hibernation        Hexes/Ice                    2
   d - Throw Icicle                   Conjuration/Ice              4
   e - Metabolic Englaciation         Hexes/Ice                    5
   f - Freezing Cloud                 Conjuration/Ice/Air          6
   Trog disapproves of the use of such an item.
 U - a book of Annihilations

   Spells                             Type                      Level
   a - Poison Arrow                   Conjuration/Poison           6
   b - Chain Lightning                Conjuration/Air              8
   c - Lehudib's Crystal Spear        Conjuration/Earth            8
   d - Glaciate                       Conjuration/Ice              9
   e - Fire Storm                     Conjuration/Fire             9
   Trog disapproves of the use of such an item.
Miscellaneous
 T - a stone of tremors
Comestibles
 d - 8 bread rations
 f - 39 fruits
 l - 8 meat rations


   Skills:
 + Level 14.5 Fighting
 * Level 22.2 Axes
 + Level 12.3 Armour
 - Level 11.5 Dodging
 - Level 5.9 Stealth
 - Level 2.0 Evocations


You had 11 spell levels left.
You didn't know any spells.

Dungeon Overview and Level Annotations

Branches:
Dungeon (1/1)

Altars:


Innate Abilities, Weirdness & Mutations

You are resistant to damage.
You can recharge devices by infusing magical energy.
You passively map the area around you.
You do not regenerate naturally.


Message History

You feel resistant to hostile enchantments.
You feel slightly more hungry.
Eat a chunk of flesh? (ye/n/q/i?) This raw flesh tastes terrible.
You continue eating. x2
You regained 3 hp, and now have 42/129 hp.
You are feeling hungry.
A death cob comes into view.
The death cob gives a chilling moan.
A giant leech comes into view.
The death cob barely misses you. The death cob hits you!!
* * * LOW HITPOINT WARNING * * *
The death cob hits you!
* * * LOW HITPOINT WARNING * * *
The death cob drains your vigour!
You feel yourself slow down.
You take 31 damage, and have 19/129 hp.
MASSIVE DAMAGE!!
You slash the death cob!
The death cob convulses!
The death cob is moderately damaged.
The death cob hits you!!
You die...

, ,, , * , , , ,, , ** *
* * ,* *, ,, , , , , , *,
,,, , * * * * * *
########################
........................
, ,
................@z..w...
,
#############++#########*
* , +,, + , , , , , , ,*
*, ,, * * , * , , , , *,
, ,,, , ,,, ,, , , , , ,
,, , ,, , **+** * * *,* +


You could see a death cob and a giant leech.

Vanquished Creatures
  A vampire knight (D)
  An ettin (D)
  A hydra (D)
  A centaur warrior (D)
  An alligator (D)
  A deep elf knight (D)
  A flayed ghost (D)
  3 swamp dragons (D)
  A phantasmal warrior (D)
  A wizard (D)
  2 deep elf magi (D)
  An elephant (D)
  A gargoyle (D)
  An orange demon (D)
  A kobold demonologist (D)
  A hellwing (D)
  A boulder beetle (D)
  A wind drake (D)
  A blink frog (D)
  A spriggan (D)
  A large abomination (D)
  A wyvern (D)
  A hippogriff (D)
  2 insubstantial wisps (D)
  A water moccasin (D)
  An orc warrior (D)
  2 black bears (D)
  A porcupine (D)
  2 wasps (D)
  3 wolves (D)
  A giant frog (D)
  2 big kobolds (D)
  2 killer bees (D)
  2 wights (D)
  A jelly (D)
  2 orc priests (D)
  An iguana (D)
  A hell rat (D)
  A worker ant (D)
  A white imp (D)
  An ooze (D)
  2 adder skeletons (D)
  10 orcs (D)
  A bat skeleton (D)
  2 giant cockroaches (D)
  A goblin (D)
  2 quokkas (D)
  3 kobolds (D)
74 creatures vanquished.

Vanquished Creatures (collateral kills)
  An emperor scorpion (D)
  A deep elf demonologist (D)
  2 hydras (D)
  A cherub (D)
  A swamp dragon (D)
  An orc knight (D)
  A lindwurm (D)
  2 hornets (D)
  A guardian serpent (D)
  A black mamba (D)
  A sixfirhy (D)
  A gargoyle (D)
  A komodo dragon (D)
  A polar bear (D)
  A bog body (D)
  A blink frog (D)
  A wyvern (D)
  4 yaks (D)
  Eustachio (D)
  2 hippogriffs (D)
  3 insubstantial wisps (D)
  2 orc warriors (D)
  2 porcupines (D)
  An ogre (D)
  2 wolves (D)
  A killer bee (D)
  A wight (D)
  An orc (D)
39 creatures vanquished.

Vanquished Creatures (others)
  A blink frog (D)
1 creature vanquished.

Grand Total: 114 creatures vanquished

Notes
Turn   | Place    | Note
--------------------------------------------------------------
     0 | D        | pipel the Deep Dwarf Berserker began the quest for the Orb.
     0 | D        | Reached XP level 1. HP: 20/20 MP: 1/1
    10 | D        | Noticed an emperor scorpion
    10 | D        | Noticed a giant frog
    11 | D        | Noticed an orc warrior
    39 | D        | Reached ** piety under Trog
    45 | D        | Killed a giant frog
    45 | D        | Reached skill level 5 in Fighting
    45 | D        | Reached skill level 6 in Axes
    45 | D        | Reached XP level 2. HP: 14/32 MP: 2/2
    45 | D        | Reached XP level 3. HP: 16/39 MP: 3/3
    45 | D        | Reached XP level 4. HP: 19/46 MP: 4/4
   106 | D        | Reached *** piety under Trog
   115 | D        | Noticed an orc warrior
   126 | D        | Reached **** piety under Trog
   127 | D        | Noticed a black bear
   133 | D        | Killed an orc warrior
   133 | D        | Reached skill level 7 in Axes
   133 | D        | Reached skill level 5 in Dodging
   133 | D        | Reached skill level 1 in Stealth
   133 | D        | Reached XP level 5. HP: 34/56 MP: 5/5
   144 | D        | Killed a black bear
   144 | D        | Reached skill level 8 in Axes
   149 | D        | Reached XP level 6. HP: 42/66 MP: 6/6
   166 | D        | Reached ***** piety under Trog
   166 | D        | Reached skill level 9 in Axes
   175 | D        | Noticed a deep elf mage
   184 | D        | Killed a deep elf mage
   184 | D        | Reached skill level 10 in Axes
   184 | D        | Reached skill level 1 in Evocations
   184 | D        | Reached XP level 7. HP: 70/75 MP: 7/7
   185 | D        | Noticed a wyvern
   193 | D        | Killed a wyvern
   193 | D        | Received a gift from Trog
   193 | D        | Reached skill level 5 in Armour
   251 | D        | Noticed a deep elf mage
   251 | D        | Noticed a kobold demonologist
   256 | D        | Received a gift from Trog
   260 | D        | Killed a kobold demonologist
   260 | D        | Reached skill level 11 in Axes
   260 | D        | Reached skill level 10 in Dodging
   260 | D        | Reached skill level 5 in Stealth
   260 | D        | Reached XP level 8. HP: 86/86 MP: 9/9
   261 | D        | Killed a deep elf mage
   261 | D        | Reached skill level 10 in Fighting
   261 | D        | Reached skill level 12 in Axes
   365 | D        | Received a gift from Trog
   407 | D        | Received a gift from Trog
   407 | D        | Reached skill level 13 in Axes
   407 | D        | Gained mutation: You passively map the area around you. [Deep Dwarf growth]
   407 | D        | Reached XP level 9. HP: 73/94 MP: 7/10
   413 | D        | Noticed a deep elf knight
   416 | D        | Reached ****** piety under Trog
   424 | D        | Killed a deep elf knight
   424 | D        | Reached skill level 14 in Axes
   427 | D        | Noticed a hellwing
   435 | D        | Killed a hellwing
   454 | D        | Noticed a hornet
   454 | D        | Noticed a hornet
   456 | D        | Reached skill level 15 in Axes
   463 | D        | Paralysed by a hornet for 2 turns
   463 | D        | Killed a hornet
   463 | D        | Received a gift from Trog
   464 | D        | Noticed a guardian serpent
   465 | D        | Killed a hornet
   466 | D        | Killed a guardian serpent
   466 | D        | Reached XP level 10. HP: 46/106 MP: 11/11
   467 | D        | Reached skill level 16 in Axes
   481 | D        | Noticed Eustachio
   482 | D        | Received a gift from Trog
   485 | D        | Noticed a swamp dragon
   487 | D        | Noticed a gargoyle
   488 | D        | Killed Eustachio
   491 | D        | Noticed a lindwurm
   493 | D        | Killed a gargoyle
   495 | D        | Killed a lindwurm
   495 | D        | Received a gift from Trog
   496 | D        | Killed a swamp dragon
   496 | D        | Reached skill level 17 in Axes
   501 | D        | Killed an emperor scorpion
   506 | D        | Received a gift from Trog
   508 | D        | Got a warped battleaxe {god gift}
   509 | D        | Identified the +5 battleaxe of the Original Sin {holy, rN+} (Trog gifted it to you in the Dungeon)
   514 | D        | Noticed a black mamba
   517 | D        | Noticed a vampire knight
   523 | D        | Killed a black mamba
   526 | D        | Killed a vampire knight
   526 | D        | Reached skill level 18 in Axes
   529 | D        | Noticed an alligator
   541 | D        | Killed an alligator
   541 | D        | Reached XP level 11. HP: 52/116 MP: 11/11
   642 | D        | Received a gift from Trog
   699 | D        | Noticed a deep elf demonologist
   699 | D        | Noticed a swamp dragon
   699 | D        | Noticed an orc knight
   699 | D        | Noticed a flayed ghost
   700 | D        | Noticed a swamp dragon
   700 | D        | Noticed an ettin
   701 | D        | Noticed a green death
   701 | D        | Killed a flayed ghost
   701 | D        | Reached skill level 10 in Armour
   710 | D        | Noticed a cherub
   712 | D        | Killed a swamp dragon
   712 | D        | Reached skill level 19 in Axes
   713 | D        | Killed an orc knight
   716 | D        | Noticed a hell beast
   721 | D        | Killed a cherub
   724 | D        | Killed a deep elf demonologist
   729 | D        | Killed a swamp dragon
   733 | D        | Killed an ettin
   733 | D        | Received a gift from Trog
   733 | D        | Reached skill level 20 in Axes
   736 | D        | Noticed a centaur warrior
   737 | D        | Noticed a four-headed hydra
   753 | D        | Killed a centaur warrior
   758 | D        | Killed a four-headed hydra
   758 | D        | Received a gift from Trog
   764 | D        | Noticed a five-headed hydra
   769 | D        | Got the amulet of Asieq {MR+ Regen+}
   774 | D        | Killed an eight-headed hydra
   774 | D        | Reached skill level 21 in Axes
   775 | D        | Noticed a wizard
   801 | D        | Killed a wizard
   821 | D        | Received a gift from Trog
   823 | D        | Identified the Papyrus of the Damaging Snowflakes (You found it in the Dungeon)
   831 | D        | Reached XP level 12. HP: 29/128 MP: 11/11
   868 | D        | Noticed a seven-headed hydra
   880 | D        | Killed an eight-headed hydra
   921 | D        | Reached skill level 22 in Axes
   957 | D        | Noticed a death cob
   960 | D        | Slain by a death cob

Vault maps used:
D:        pitsprint

Skill      XL: |  1  2  3  4  5  6  7  8  9 10 11 12 |
---------------+-------------------------------------+-----
Fighting       | 5 6 7 8 9 10 11 12 14 | 14.5
Axes           | 6 7 8 10 11 13 15 18 21 22 | 22.2
Armour         | 3 4 5 6 9 12 | 12.3
Dodging        | 3 5 6 9 10 11 | 11.5
Stealth        | 1 3 5 |  5.9
Evocations     | 1 2 |  2.0

Action                   |  1- 3 |  4- 6 |  7- 9 | 10-12 || total
-------------------------+-------+-------+-------+-------++-------
Melee: Hand axe          |     9 |    56 |    21 |       ||    86
       War axe           |       |       |    11 |       ||    11
       Broad axe         |       |       |    23 |       ||    23
       Battleaxe         |       |       |    27 |   136 ||   163
Invok: Berserk           |     1 |     1 |     3 |       ||     5
       Brothers in Arms  |       |     1 |     1 |     6 ||     8
       Trog's Hand       |       |     1 |     4 |     9 ||    14
 Abil: Device Recharging |       |       |       |     2 ||     2
Evoke: Wand              |       |     2 |       |     7 ||     9
  Use: Potion            |       |     2 |     2 |     1 ||     5
 Stab: Invisible         |       |     1 |       |       ||     1
       Sleeping          |       |     1 |       |       ||     1
  Eat: Bread ration      |       |       |     1 |       ||     1
       Chunk             |       |       |     1 |     3 ||     4
       Fruit             |       |       |       |     1 ||     1
